 Dungeon Crawl Stone Soup version 0.18.1-8-gdd0e5ea (webtiles) character file.

103 Firecrotchwizard the Cudgeler (level 4, -11/45 HPs)
             Began as an Ogre Warper on June 12, 2016.
             Mangled by Firecrotchwizard's ghost (14 damage)
             ... on level 3 of the Dungeon.
             The game lasted 00:11:27 (2319 turns).

Firecrotchwizard the Cudgeler (Ogre Warper)         Turns: 2319, Time: 00:11:29

Health: -11/45     AC:  3    Str: 16    XL:     4   Next: 79%
Magic:  6/7        EV: 10    Int: 13    God:
Gold:   108        SH:  0    Dex:  9    Spells: 3 memorised, 3 levels left

rFire  . . .     SeeInvis .     a - +0 mace
rCold  . . .     Gourm    .     b - +0 robe
rNeg   . . .     Faith    .     (no shield)
rPois  .         Spirit   .     (helmet restricted)
rElec  .         Dismiss  .     (no cloak)
rCorr  .         Reflect  .     (gloves unavailable)
SustAt .         Harm     .     (boots unavailable)
MR     .....                    g - amulet of regeneration
Stlth  +.........               (no ring)
                                (no ring)

@: very slightly contaminated, not resistant to hostile enchantments, very
unstealthy
A: unfitting armour, tough skin 1
a: no special abilities


You were on level 3 of the Dungeon.
You were hungry.

You visited 1 branch of the dungeon, and saw 3 of its levels.

You collected 108 gold pieces.

Inventory:

Hand Weapons
 a - a +0 mace (weapon)
Missiles
 e - 3 tomahawks of dispersal (quivered)
Armour
 b - a +0 robe (worn)
Jewellery
 g - an amulet of regeneration (around neck)
Scrolls
 d - a scroll of blinking
 h - a scroll of remove curse {unknown}
 j - a scroll of amnesia {unknown}
Potions
 i - 2 potions of curing {unknown}
Books
 c - a book of Spatial Translocations

   Spells                             Type                      Level
   a - Apportation                    Translocation                1
   b - Blink                          Translocation                2
   c - Shroud of Golubria             Charms/Translocation         2
   d - Portal Projectile              Translocation                3
   e - Teleport Other                 Translocation                3
   f - Passage of Golubria            Translocation                4
Comestibles
 f - a royal jelly
 k - a beef jerky
 l - a meat ration


   Skills:
 + Level 3.4 Fighting
 + Level 3.4 Maces & Flails
 + Level 1.0 Throwing
 + Level 3.3 Dodging
 + Level 0.6 Stealth
 + Level 2.6 Spellcasting
 + Level 0.1 Charms
 + Level 2.5 Translocations


You had 3 spell levels left.
You knew the following spells:

 Your Spells              Type           Power        Failure   Level  Hunger
a - Apportation           Tloc           #.........   10%         1    #......
b - Shroud of Golubria    Chrm/Tloc      #.........   24%         2    ###....
c - Blink                 Tloc           N/A          14%         2    ###....


Dungeon Overview and Level Annotations

Branches:
Dungeon (3/15)

Altars:

Annotations:
D:3 Firecrotchwizard's ghost, amateur DDFi


Innate Abilities, Weirdness & Mutations

You are too large for most types of armour.
You have tough skin (AC +1).


Message History

You hit Firecrotchwizard's ghost.
Firecrotchwizard's ghost is lightly damaged.
Firecrotchwizard's ghost hits you.
You barely miss Firecrotchwizard's ghost.
Firecrotchwizard's ghost is lightly damaged.
Firecrotchwizard's ghost hits you!
* * * LOW HITPOINT WARNING * * *
You hit Firecrotchwizard's ghost but do no damage.
Firecrotchwizard's ghost is lightly damaged.
Firecrotchwizard's ghost closely misses you.
You hit Firecrotchwizard's ghost.
Firecrotchwizard's ghost is moderately damaged.
Firecrotchwizard's ghost hits you.
* * * LOW HITPOINT WARNING * * *
You barely miss Firecrotchwizard's ghost.
Firecrotchwizard's ghost is moderately damaged.
Firecrotchwizard's ghost barely misses you.
Firecrotchwizard's ghost says, "They lied to you.
The Dungeon just goes down and down forever."
Firecrotchwizard's ghost hits you!
You die...

####### #...... ..#.#..
....... ..#.#..
$......#######
......W@.....#
.......>####.###
...............#
.#####.#.#.#.#.#
#.........#
##.#.#.#.#.# ###
#.....)....# ...
#..#.#.#.#.##
###.##+####...........#


You could see Firecrotchwizard's ghost.

Vanquished Creatures
  4 adders (D:2)
  An ooze (D:1)
  A worm (D:2)
  2 dart slugs
  2 orcs (D:3)
  5 bats
  6 giant cockroaches
  9 goblins
  4 hobgoblins
  2 jackals (D:2)
  A quokka (D:2)
  A giant newt (D:2)
  5 kobolds
  9 rats
52 creatures vanquished.

Notes
Turn   | Place    | Note
--------------------------------------------------------------
     0 | D:1      | Firecrotchwizard the Ogre Warper began the quest for the Orb.
     0 | D:1      | Reached XP level 1. HP: 22/22 MP: 3/3
   158 | D:1      | Reached XP level 2. HP: 16/29 MP: 5/5
   873 | D:1      | Reached XP level 3. HP: 37/37 MP: 6/6
   909 | D:1      | Learned a level 2 spell: Shroud of Golubria
   945 | D:1      | Learned a level 2 spell: Blink
  1559 | D:2      | Reached XP level 4. HP: 44/45 MP: 7/7
  2305 | D:3      | Noticed Firecrotchwizard's ghost (amateur DDFi)
  2319 | D:3      | Mangled by Firecrotchwizard's ghost

Skill      XL: |  1  2  3 |
---------------+----------+-----
Maces & Flails | 3 |  3.4
Fighting       | 3 |  3.4
Dodging        | 3 |  3.3
Throwing       | |  1.0
Stealth        | |  0.6
Spellcasting   | |  2.6
Charms         | |  0.1
Translocations | |  2.5

Action                   |  1- 3 |  4- 6 || total
-------------------------+-------+-------++-------
Melee: Mace              |   134 |    76 ||   210
Throw: Tomahawk          |     2 |       ||     2
 Cast: Shroud of Golubri |     1 |     1 ||     2
  Eat: Bread ration      |     1 |       ||     1
Armor: Robe              |    49 |    10 ||    59
Dodge: Dodged            |    83 |    42 ||   125
